 Dungeon Crawl Stone Soup version 0.30.1-4-g462c640d31 (webtiles) character file.

Game seed: 17091219767152752339

217 MrPagan1517 the Slasher (level 5, -1/43 HPs)
             Began as a Barachi Fighter on Sept 18, 2023.
             Killed by divine providence
             ... invoked by an orc priest
              (10 damage)
             ... on level 5 of the Dungeon.
             The game lasted 00:08:19 (3235 turns).

MrPagan1517 the Slasher (Barachi Fighter)           Turns: 3235, Time: 00:08:20

Health: -1/43      AC: 11    Str: 18    XL:     5   Next: 94%
Magic:  5/5        EV:  7    Int:  8    God:
Gold:   243        SH:  5    Dex: 13    Spells: 4/4 levels left

rFire   . . .        a - +1 long sword
rCold   + . .        c - +0 buckler
rNeg    . . .        i - +0 chain mail {rC+}
rPois   +            (no helmet)
rElec   .            (no cloak)
rCorr   .            (no gloves)
SInv    .            o - +0 pair of boots
Will    .....        (no amulet) Stlth
                     k - ring of poison resistance
HPRegen 0.27/turn    (no ring)
MPRegen 0.09/turn

%: no passive effects
@: unable to hop, slow
A: amphibious, slowness 1, strong legs 1, +LOS
a: Hop


You were on level 5 of the Dungeon.
You visited 1 branch of the dungeon, and saw 5 of its levels.
You also visited: Sewer.

You collected 243 gold pieces.

Inventory:

Hand Weapons
 a - a +1 long sword (weapon)
Armour
 b - a +0 scale mail
 c - a +0 buckler (worn)
 i - a +0 chain mail of cold resistance (worn)
 o - a +0 pair of boots (worn)
Jewellery
 k - a ring of poison resistance (left hand)
Scrolls
 j - a scroll of teleportation
 l - 4 scrolls of identify
Potions
 d - 4 potions of might
 e - a potion of ambrosia
 f - a potion of berserk rage {unknown}
 g - 2 potions of curing {unknown}
 h - 2 potions of invisibility {unknown}
 m - a potion of heal wounds {unknown}
 n - 3 potions of mutation {unknown}
 r - a potion of lignification {unknown}


   Skills:
 + Level 4.7 Fighting
 + Level 5.0 Long Blades
 + Level 4.9 Armour
 + Level 0.9 Dodging
 + Level 3.6 Shields


You had 4 spell levels left.
You didn't know any spells.
Your spell library contained the following spells:

 Spells                   Type           Power      Damage    Failure   Level
 Dazzling Flash           Conj/Hex       0%         N/A       100%        3
 Volatile Blastmotes      Fire/Tloc      0%         2d10      100%        3
 Iskenderun's Mystic Bla  Conj/Tloc      0%         2d3       100%        4
 Starburst                Conj/Fire      0%         6d3       100%        6


Dungeon Overview and Level Annotations

Branches:
Dungeon (5/15)              Sewer (visited)
 Temple: D:4-7

Altars:
Vehumet

Annotations:
D:4 Robin


Innate Abilities, Weirdness & Mutations

You are amphibious.
You cover ground slowly.
You can hop short distances.
You have an extended range of vision and can be seen from far away.


Message History

You kill the hobgoblin!
Robin throws the goblin at you! The goblin hits you but does no damage.
The goblin hits you with a +4 dagger.
You barely miss the goblin.
The goblin hits you but does no damage. x2
The goblin hits you with a +4 dagger.
You hit the goblin.
You kill the goblin!
You are ready to hop once more.
The goblin barely misses you. The goblin completely misses you.
You slash the goblin!
You kill the goblin!
The goblin hits you with a +4 dagger. The goblin hits you but does no damage.
The goblin hits you with a +4 dagger. The goblin hits you with a +0 club.
The goblin barely misses you.
You hit the goblin.
The goblin is severely wounded.
The goblin completely misses you. The goblin hits you with a +0 club.
The goblin barely misses you.
You barely miss the goblin.
The goblin is severely wounded.
Robin says, "My goblins will feast on your bones."
The goblin hits you but does no damage. x2; The goblin hits you with a +0 club.
Hop to where?
Press: ? - help, Q - select action Dir - move target Boing!
The goblin no longer looks unusually strong.
There is a stone staircase leading down here.
You climb downwards.
The orc shouts!
The orc priest shouts! x2
Found a stone staircase leading down.
There is a stone staircase leading up here.
The orc priest calls down the wrath of Beogh upon you.
Beogh smites you!
* * * LOW HITPOINT WARNING * * *
The orc priest begins to cast a cantrip, but forgets the words!
The orc priest miscasts a cantrip.
There is a stone staircase leading down here.
The orc priest invokes the aid of Beogh against you.
Beogh smites you!
You die...

............ .....#
#.........# .......
#.........##.......
#........#.......#
#....oo...##......
#.........#.....#
#..<...o.......##
#.......o.......#
#........@......#
#.........###.....#
.......#..#....
.....#
.##...........##
##8.8
#..#.........# ..
#####....#..##
#..###### #... #..


You could see 3 orc priests and an orc.

Vanquished Creatures
  Terence (D:3)
  3 gnolls (D:4)
  3 adders
  4 river rats (Sewer)
  2 dart slugs (D:1)
  2 orcs (D:3)
  7 endoplasms
  5 giant cockroaches
  6 goblins
  7 hobgoblins
  6 jackals
  3 quokkas
  9 ball pythons
  4 bats
  12 frilled lizards
  5 kobolds
  20 rats
99 creatures vanquished.

Notes
Turn   | Place    | Note
-------+----------+-------------------------------------------
     0 | D:1      | MrPagan1517 the Barachi Fighter began the quest for the
                  | Orb.
     0 | D:1      | Reached XP level 1. HP: 18/18 MP: 1/1
    93 | D:1      | Reached XP level 2. HP: 22/25 MP: 2/2
   119 | D:1      | Found a faded altar of an unknown god.
   290 | D:1      | Reached XP level 3. HP: 25/30 MP: 3/3
   352 | D:1      | Reached skill level 3 in Long Blades
   812 | D:2      | Found a radiant altar of Vehumet.
   976 | D:2      | Identified the +0 pair of gloves of Dice, Bag, and Bottle
                  | {rElec Str+2 Dex+8}
  1717 | D:3      | Reached XP level 4. HP: 38/38 MP: 4/4
  1788 | D:3      | Noticed Terence
  1797 | D:3      | Killed Terence
  1798 | D:3      | Reached skill level 4 in Long Blades
  1994 | D:3      | Found a glowing drain.
  2015 | Sewer    | Entered a sewer
  2054 | Sewer    | Reached XP level 5. HP: 22/43 MP: 5/5
  3199 | D:4      | Noticed Robin
  3203 | D:4      | Reached skill level 5 in Long Blades
  3228 | D:5      | Entered Level 5 of the Dungeon
  3235 | D:5      | Killed from afar by an orc priest

Illustrated notes

Levels and vault maps discovered:
D:1:      lemuel_arrival_behind_the_door_large, layout_loops_ring,
          hellmonk_ecumenical_altar_arch_garden
D:2:      layout_basic, basic_altar
D:3:      layout_rooms, cheibrodos_sewer_entry_drain, small_statue_alley_b,
          uniq_terence
D:4:      layout_cave_pools, uniq_robin, uniq_grinder
D:5:      layout_cave_pools, evilmike_ruin_ashenzari,
          minmay_temple_entry_statues, serial_shops, nicolae_shop_tiny_glass,
          minmay_misc_feat_room, uniq_ijyb

Skill      XL: |  1  2  3  4  5 |
---------------+----------------+-----
Fighting       | 4 |  4.7
Armour         | 4 |  4.9
Long Blades    | 3 4 5 |  5.0
Dodging        | |  0.9
Shields        | |  3.6

Action                     |  1- 3 |  4- 6 || total
---------------------------+-------+-------++-------
  Melee: Long sword        |   133 |   195 ||   328
Ability: Hop               |     2 |     2 ||     4
    Use: Scroll            |     3 |     5 ||     8
 Armour: Scale mail        |    44 |       ||    44
         Chain mail        |    38 |   113 ||   151
  Dodge: Dodged            |    72 |    72 ||   144
  Block: Buckler           |    29 |    52 ||    81
